 Dungeon Crawl Stone Soup version 0.32-a0-613-g40f424ee2b (webtiles) character file.

Game seed: 13650677316067622269

2053 Gargoyl the Cleaver (level 9, -2/84 HPs)
             Began as a Gargoyle Berserker on Mar 5, 2024.
             Was a Believer of Trog.
             Killed from afar by Maggie (9 damage)
             ... with a bolt of fire
             ... on level 7 of the Dungeon.
             The game lasted 00:07:38 (4458 turns).

Gargoyl the Cleaver (Gargoyle Berserker)            Turns: 4458, Time: 00:07:39

Health: -2/84      AC: 17    Str: 20      XL:     9   Next: 25%
Magic:  9/9        EV:  9    Int:  9      God:    Trog [**....]
Gold:   295        SH:  0    Dex: 12 (13) Spells: 8/8 levels left

rFire   . . .        d - +3 hand axe (elec)
rCold   . . .        (no shield)
rNeg    + . .        m - +0 chain mail
rPois   ∞            (helmet restricted)
rElec   +            (no cloak)
rCorr   .            i - +0 pair of gloves
SInv    .            (no boots)
Will    ++...        (no amulet) Stlth
                     (no ring)
HPRegen 1.34/turn    (no ring)
MPRegen 0.11/turn

%: no passive effects
@: berserking (expiring), strong-willed (expiring), regenerating (expiring),
very quick
A: sickness immunity, AC +6, negative energy resistance 1, electricity
resistance, torment resistance 1, petrification resistance, antennae 1,
deterioration 1, teleportitis 1
a: Renounce Religion, Berserk, Trog's Hand


You were on level 7 of the Dungeon.
You worshipped Trog.
Trog was pleased with you.
You visited 1 branch of the dungeon, and saw 7 of its levels.

You collected 295 gold pieces.

Inventory:

Hand Weapons
 d - a +3 hand axe of electrocution (weapon)
 h - a +1 flail of freezing
 k - a +2 hand axe
Missiles
 e - 6 poisoned darts (quivered)
Armour
 i - a +0 pair of gloves (worn)
 m - a +0 chain mail (worn)
Wands
 b - a wand of iceblast (7)
Scrolls
 f - 2 scrolls of teleportation
 g - 4 scrolls of identify
Potions
 a - 2 potions of resistance {unknown}
 c - a potion of curing
 j - a potion of mutation
 l - a potion of heal wounds


   Skills:
 + Level 6.6 Fighting
 + Level 8.3 Axes
 + Level 5.9 Armour
 + Level 3.3 Dodging
 + Level 1.0 Stealth


You had 8 spell levels left.
You didn't know any spells.
Your spell library was empty.

Dungeon Overview and Level Annotations

Branches:
Dungeon (7/15)
 Temple: D:4-7

Altars:
Qazlal
Ru
Sif Muna
Vehumet

Shops:
D:2 [   D:4 ?

Annotations:
D:7 Maggie


Innate Abilities, Weirdness & Mutations

You are immune to sickness and miasma.
Your stone body is resilient. (AC +6)
You are immune to poison.
You resist negative energy. (rN+)
You are resistant to electric shocks. (rElec)
You are resistant to unholy torment.
You are immune to petrification.
You have a pair of small antennae on your head.
Your body sometimes deteriorates upon taking damage.
You are occasionally teleported next to monsters.


Message History

You closely miss Maggie.
Maggie is lightly wounded.
Maggie hits you with a +1 heavy halberd!
* * * LOW HITPOINT WARNING * * *
You slash Maggie!
Maggie is lightly wounded.
You closely miss Maggie.
Maggie is lightly wounded.
Maggie casts a spell at you. The bolt of fire misses you.
You slash Maggie!
Maggie is heavily wounded.
You hit Maggie.
Maggie is heavily wounded.
Maggie points at you and mumbles some strange words.
The bolt of fire hits you!!
* * * LOW HITPOINT WARNING * * *
You completely miss Maggie.
Maggie is heavily wounded.
You barely miss Maggie.
Maggie is heavily wounded.
You feel the effects of Trog's Hand fading.
Maggie points at you and mumbles some strange words.
The bolt of fire misses you.
Unknown command.
You hit Maggie.
Maggie is severely wounded.
Maggie hits you but does no damage.
Unknown command.
You closely miss Maggie.
Maggie is severely wounded.
Unknown command.
You hit Maggie.
Maggie is severely wounded.
Unknown command.
You slash Maggie!
Maggie is almost dead.
Maggie points at you and mumbles some strange words.
The bolt of fire hits you!
You die...

#? .## ### .. ... ..
#. ... .. #. #.# .# #.
#.# .# # #. #.##.##.#
.# #.#.##.#...#.##.#
#..@@....#...#..#
###.##.#...# #..# #..
#.##.## #..# ....
..##.# #..# #
##....#.##.####..###.#
#.####.##...........#
#. #.#######..##### #.
#.# #..# # #..# #


You could see Maggie.

Vanquished Creatures
  Duvessa (D:5)
  An ice beast (D:5)
  A water moccasin (D:6)
  2 sky beasts
  A black bear (D:5)
  2 ogres (D:5)
  A phantom (D:7)
  Blork the orc (D:6)
  2 bullfrogs
  2 scorpions
  4 wights (D:6)
  Dowan (D:5)
  A bombardier beetle (D:5)
  2 jellies
  A hound (D:5)
  4 orc priests
  2 iguanas
  3 sleepcaps
  5 orc wizards
  5 adders
  A shadow imp (D:6)
  A white imp (D:6)
  3 dart slugs
  14 orcs
  6 ball pythons
  4 bats
  7 endoplasms
  3 giant cockroaches
  3 goblins
  8 hobgoblins
  3 jackals (D:1)
  4 kobolds
  4 quokkas
  A frilled lizard (D:1)
104 creatures vanquished.

Vanquished Creatures (others)
  An orc wizard (D:4)
1 creature vanquished.

Grand Total: 105 creatures vanquished

Notes
Turn   | Place    | Note
-------+----------+-------------------------------------------
     0 | D:1      | Gargoyl the Gargoyle Berserker began the quest for the Orb.
     0 | D:1      | Reached XP level 1. HP: 14/14 MP: 1/1
   168 | D:1      | Reached skill level 3 in Axes
   168 | D:1      | Reached XP level 2. HP: 13/19 MP: 2/2
   491 | D:1      | Found a faded altar of an unknown god.
   706 | D:1      | Reached XP level 3. HP: 24/24 MP: 3/3
  1009 | D:2      | Found Ompeto's Armour Shoppe.
  1535 | D:3      | Reached XP level 4. HP: 26/29 MP: 4/4
  1542 | D:3      | Found a radiant altar of Vehumet.
  1682 | D:3      | Found a stormy altar of Qazlal.
  1733 | D:3      | Reached ** piety under Trog
  2093 | D:4      | Noticed a scorpion
  2101 | D:4      | Killed a scorpion
  2102 | D:4      | Reached skill level 4 in Axes
  2102 | D:4      | Reached XP level 5. HP: 33/33 MP: 5/5
  2124 | D:4      | Reached XP level 6. HP: 38/39 MP: 6/6
  2293 | D:4      | Reached skill level 5 in Axes
  2362 | D:4      | Found Uvvoimno's Magic Scroll Boutique.
  2534 | D:4      | Identified the +6 mace "Viusahut" {speed, rF+ Int+2 Dex+3}
  2844 | D:5      | Entered Level 5 of the Dungeon
  2852 | D:5      | Reached XP level 7. HP: 27/44 MP: 7/7
  2980 | D:5      | Reached skill level 6 in Axes
  2985 | D:5      | Reached skill level 5 in Fighting
  3111 | D:5      | Reached XP level 8. HP: 49/49 MP: 8/8
  3204 | D:5      | Noticed Dowan
  3204 | D:5      | Noticed Duvessa
  3211 | D:5      | Killed Dowan
  3219 | D:5      | Killed Duvessa
  3220 | D:5      | Reached skill level 7 in Axes
  3403 | D:5      | Found a sacrificial altar of Ru.
  3471 | D:5      | Found a shimmering blue altar of Sif Muna.
  3576 | D:6      | Gained mutation: You are occasionally teleported next to
                  | monsters. [potion of mutation]
  3576 | D:6      | Gained mutation: Your body sometimes deteriorates upon
                  | taking damage. [potion of mutation]
  3576 | D:6      | Gained mutation: You have a pair of small antennae on your
                  | head. [potion of mutation]
  3616 | D:6      | Reached skill level 1 in Stealth
  3653 | D:6      | Noticed Blork the orc
  3660 | D:6      | Killed Blork the orc
  3669 | D:6      | Reached skill level 5 in Armour
  3675 | D:6      | Reached XP level 9. HP: 39/55 MP: 9/9
  3958 | D:6      | Reached skill level 8 in Axes
  4437 | D:7      | Noticed Maggie
  4452 | D:7      | HP: 2/84 [Maggie/bolt of fire (26)]
  4458 | D:7      | Killed from afar by Maggie

Illustrated notes

Levels and vault maps discovered:
D:1:      dpeg_arrival_round_b, layout_basic, hellmonk_ecumenical_altar_blasted
D:2:      layout_basic, serial_shops, shop
D:3:      layout_basic, mainiacjoe_overflow_six_doors_small,
          nicolae_vehumet_radiance
D:4:      layout_basic, serial_shops, nicolae_shop_tiny_statue_garden
D:5:      layout_cave_pools, nicolae_ru_path_of_blood,
          mainiacjoe_overflow_24_doors, uniq_duvessa
D:6:      layout_loops_ring, uniq_blork_the_orc
D:7:      layout_loops_ring, tgw_xom, kennysheep_mini,
          minmay_temple_entry_waves, uniq_maggie

Skill      XL: |  1  2  3  4  5  6  7  8  9 |
---------------+----------------------------+-----
Axes           | 3 4 5 6 7 8 |  8.3
Dodging        | 2 3 |  3.3
Fighting       | 4 5 6 |  6.6
Armour         | 3 5 |  5.9
Stealth        | 1 |  1.0

Action                     |  1- 3 |  4- 6 |  7- 9 || total
---------------------------+-------+-------+-------++-------
  Melee: Hand axe          |    95 |   116 |   160 ||   371
 Invoke: Berserk           |     1 |     3 |     4 ||     8
         Trog's Hand       |       |     3 |     3 ||     6
    Use: Scroll            |     2 |     1 |     5 ||     8
         Potion            |       |     6 |     2 ||     8
 Armour: Animal skin       |    67 |    13 |       ||    80
         Chain mail        |       |   104 |   139 ||   243
  Dodge: Dodged            |    89 |    58 |    82 ||   229

Table legend: (Time is in decaauts)
 A = Elapsed time spent in this place.
 B = Non-inter-level travel time spent in this place.
 C = Inter-level travel time spent in this place.
 D = Time resting spent in this place.
 E = Time spent auto-exploring this place.
 F = Levels seen in this place.
 G = Mean time per level.
                   A        B        C        D        E       F      G
               +--------+--------+--------+--------+--------+-----+--------+
         Total |   4528 |   4386 |    142 |    184 |   3171 |   7 |  646.9 |
       Dungeon |   4528 |   4386 |    142 |    184 |   3171 |   7 |  646.9 |
               +--------+--------+--------+--------+--------+-----+--------+

Top non-repeatable levels by time:
     D:1: 808 daAuts
     D:4: 785 daAuts
     D:6: 743 daAuts
     D:5: 734 daAuts
     D:2: 725 daAuts
     D:3: 580 daAuts
     D:7: 151 daAuts
